 Dungeon Crawl Stone Soup version 0.28.0 (webtiles) character file.

Game seed: 10290445314707505716

12611 magipi the Thrower (level 11, -10/82 HPs)
             Began as a Minotaur Brigand on Feb 16, 2022.
             Was an Elder of Hepliaklqana.
             Mangled by a blink frog (13 damage)
             ... on level 2 of the Lair of Beasts.
             The game lasted 00:45:57 (8844 turns).

magipi the Thrower (Minotaur Brigand)               Turns: 8844, Time: 00:45:58

Health: -10/82     AC: 12    Str: 19    XL:     11   Next: 64%
Magic:  16/16      EV: 11    Int: 13    God:    Hepliaklqana [****..]
Gold:   262        SH:  0    Dex: 13    Spells: 10/10 levels left

rFire   . . .      SeeInvis +   a - +7 hand axe of Wu Jian's Esteem {vorpal, +Blink Int+5 SInv Stlth+}
rCold   . . .      Faith    .   (no shield)
rNeg    . . .      Spirit   .   y - +1 leather armour {rPois}
rPois   +          Reflect  .   (helmet restricted)
rElec   .          Harm     .   c - +0 cloak
rCorr   .          Rampage  .   E - +2 pair of gloves
Will    .....                   (no boots)
Stlth   +++.......              (no amulet)
HPRegen 0.23/turn               q - +4 ring of protection
MPRegen 0.15/turn               (no ring)

@: no status effects
A: reduced essence, horns 2, retaliatory headbutt
a: Renounce Religion, Evoke Blink, Recall Ancestor, Ancestor Identity,
Transference, Idealise


You were on level 2 of the Lair of Beasts.
You worshipped Hepliaklqana.
Hepliaklqana was greatly pleased with you.
You visited 3 branches of the dungeon, and saw 13 of its levels.
You also visited: Sewer.

You collected 533 gold pieces.
You spent 271 gold pieces at shops.

Inventory:

Hand Weapons
 a - the +7 hand axe of Wu Jian's Esteem (weapon) {vorpal, +Blink Int+5 SInv Stlth+}
   (You took it off a gnoll on level 3 of the Dungeon)

   It inflicts extra damage upon your enemies.
   Int:       It affects your intelligence (+5).
   SInv:      It lets you see invisible.
   +Blink:    It lets you blink.
   Stlth:     It makes you more stealthy.
 b - a +4 mace of freezing
   (You took it off a wight on level 8 of the Dungeon)
 G - a +0 vorpal war axe
   (You found it on level 8 of the Dungeon)
Missiles
 d - 39 poisoned darts
 e - 3 curare-tipped darts
 k - 4 silver boomerangs
 s - a throwing net
 t - 6 boomerangs (quivered)
 x - 10 atropa-tipped darts
Armour
 c - a +0 cloak (worn)
 i - a +0 chain mail
   (You found it on level 1 of the Dungeon)
 w - a +2 leather armour of willpower
   (You took it off Eustachio on level 4 of the Dungeon)
 y - a +1 leather armour of poison resistance (worn)
   (You found it on level 5 of the Dungeon)
 E - a +2 pair of gloves (worn)
   (You found it on level 7 of the Dungeon)
Jewellery
 f - a ring of fire
   (You found it on level 1 of the Dungeon)
 l - an amulet of the acrobat
   (You found it on level 5 of the Dungeon)
 q - a +4 ring of protection (left hand)
   (You found it on level 3 of the Dungeon)
 D - an amulet of reflection
   (You found it on level 7 of the Dungeon)
Wands
 v - a wand of flame (14)
   (You bought it in a shop on level 7 of the Dungeon)
 C - a wand of polymorph (6)
   (You found it on level 7 of the Dungeon)
 F - a wand of paralysis (2)
   (You found it on level 9 of the Dungeon)
Scrolls
 h - a scroll of fog
 r - a scroll of silence
 B - 3 scrolls of magic mapping
Potions
 g - 2 potions of curing
 m - 7 potions of brilliance
 n - 2 potions of flight
 o - 3 potions of magic
 p - 2 potions of haste
 u - a potion of resistance
 z - a potion of berserk rage
Miscellaneous
 A - a lightning rod (3/4)
   (You found it on level 9 of the Dungeon)


   Skills:
 + Level 7.5 Fighting
 - Level 2.1 Short Blades
 + Level 10.3 Axes
 - Level 11.0 Throwing
 - Level 1.1 Dodging
 - Level 3.2 Stealth
 + Level 9.0 Invocations
 + Level 6.2 Evocations


You had 10 spell levels left.
You didn't know any spells.
Your spell library contained the following spells:

 Spells                   Type           Power      Damage    Failure   Level
 Animate Skeleton         Necr           0%         N/A       36%         1
 Apportation              Tloc           0%         N/A       36%         1
 Sandblast                Erth           0%         2d4       36%         1
 Summon Small Mammal      Summ           0%         N/A       36%         1
 Blink                    Tloc           0%         N/A       50%         2
 Ensorcelled Hibernation  Hex/Ice        0%         N/A       50%         2
 Passwall                 Tmut/Erth      0%         N/A       50%         2
 Inner Flame              Hex/Fire       0%         N/A       73%         3
 Lesser Beckoning         Tloc           0%         N/A       73%         3
 Stone Arrow              Conj/Erth      0%         3d7       73%         3
 Swiftness                Air            0%         N/A       73%         3
 Cause Fear               Hex            0%         N/A       98%         4
 Freezing Cloud           Conj/Ice/Air   0%         6-21      100%        5
 Manifold Assault         Tloc           0%         N/A       100%        5
 Simulacrum               Ice/Necr       0%         N/A       100%        6
 Discord                  Hex            0%         N/A       100%        8
 Polar Vortex             Ice            0%         N/A       100%        9


Dungeon Overview and Level Annotations

Branches:
Dungeon (10/15)            Temple (1/1) D:4            Lair (2/6) D:8
  Snake (0/4) Lair:2        Sewer (visited)
  Swamp: Lair:2-4    Shoals: Lair:2-4       Orc: D:9-12

Altars:
Dithmenos
Hepliaklqana
Qazlal
Ru

Shops:
D:7 *

Annotations:
D:2 1 runed translucent door, Crazy Yiuf
D:3 Grinder
Lair:2 exclusion: hydra


Innate Abilities, Weirdness & Mutations

Your life essence is reduced to manifest your ancestor. (-10% HP)
You have a pair of horns on your head.
You reflexively headbutt those who attack you in melee.


Message History

Unknown command.
You barely miss the blink frog. You headbutt the blink frog.
The blink frog is almost dead.
The blink frog hits you.
Unknown command.
You are too injured to fight recklessly!
Unknown command.
You are too injured to fight recklessly!
Unknown command.
You are too injured to fight recklessly!
Unknown command.
You are too injured to fight recklessly!
Unknown command.
Unknown command.
You miss the blink frog. You headbutt the blink frog.
The blink frog is heavily wounded.
You barely miss the blink frog.
The blink frog blinks!
The blink frog closely misses you.
Unknown command.
You completely miss the blink frog. Your headbutt misses the blink frog.
The blink frog is heavily wounded.
The blink frog closely misses you.
The blink frog blinks!
Unknown command.
You barely miss the blink frog.
The blink frog is heavily wounded.
You hit the polar bear. The blink frog barely misses you.
The blink frog blinks! x2; The polar bear completely misses you.
You furiously retaliate!
You headbutt the polar bear!
The polar bear claws you but does no damage. x2
The blink frog hits you.
You slash the blink frog!
You kill the blink frog!
You barely miss the polar bear. You slash the blink frog!
The blink frog blinks!
The blink frog hits you! The polar bear bites you.
The polar bear barely misses you.
The polar bear claws you but does no damage.
Bohike points at the blink frog and mumbles some strange words.
The blink frog resists with some effort.
The blink frog blinks!
Bohike closely misses the blink frog.
You see here a blink frog corpse.
The blink frog misses Bohike.
Bohike hits the blink frog with a +0 dagger of draining.
The blink frog hits you.
The blink frog blinks!
The blink frog completely misses Bohike.
The blink frog hits Bohike!
Bohike barely misses the blink frog.
The blink frog blinks!
Bohike closely misses the blink frog.
The blink frog hits Bohike!
The blink frog blinks!
Bohike misses the blink frog.
You hit the polar bear.
The polar bear is heavily wounded.
The polar bear bites you!
* * * LOW HITPOINT WARNING * * *
The polar bear claws you but does no damage. x2
Unknown command.
You hit the polar bear but do no damage.
The polar bear is heavily wounded.
Unknown command.
Unknown command.
You hit the polar bear. Your headbutt misses the polar bear.
The polar bear is heavily wounded.
The polar bear closely misses you.
The polar bear claws you but does no damage. x2
Unknown command.
Unknown command.
Aiming: Thunderbolt
Press: ? - help, Shift-Dir - straight line, f - blink frog
Aim: a blink frog (lightly wounded)
The thunderbolt hits the blink frog!
The blink frog is heavily wounded.
The thunderbolt hits the polar bear!
The polar bear is severely wounded.
The polar bear goes berserk!
Unknown command.
Unknown command.
You slash the polar bear! Your headbutt misses the polar bear.
The polar bear is almost dead.
You hit the blink frog. The polar bear closely misses you.
The polar bear claws you but does no damage.
The polar bear closely misses you.
The blink frog closely misses something.
The blink frog hits you but does no damage.
Unknown command.
Unknown command.
You hit the polar bear.
The polar bear is almost dead.
You closely miss the blink frog. The polar bear bites you.
* * * LOW HITPOINT WARNING * * *
The polar bear barely misses you. The polar bear misses you.
The blink frog hits something but does no damage.
The blink frog closely misses you.
Unknown command.
Unknown command.
You barely miss the polar bear. You headbutt the polar bear.
The polar bear is almost dead.
You hit the blink frog. The polar bear bites you!!
* * * LOW HITPOINT WARNING * * *
The polar bear claws you but does no damage. x2
The blink frog blinks!
The blink frog hits you!
You die...

....#.......#.##.....#..##P....#
.............#........P........#
..#.#.......P#..................
.#####.#.........###........(...
.#.# ##..###......##........P.#
..# #..# #.......###......#.#
..# ....# #.........##......#
..# ......#....#Fh§..........#
.............#.#@#......#####.#
....# #....######F...#.# #
...... ....# #......#.# ......
.... ##.....#### . ...
##.†.R.### . #..FF§...# .
#..†..F≈≈≈≈≈≈ (
...........≈≈≈≈≈≈
..........≈≈≈P≈P≈


You could see a polar bear (berserk) and a blink frog.

Vanquished Creatures
  A boulder beetle (Lair:2)
  2 two-headed ogres (D:8)
  Pikel (D:4)
  3 cane toads
  A komodo dragon (Lair:1)
  A troll (D:8)
  A polar bear (D:9)
  3 blink frogs (Lair:2)
  A centaur simulacrum (D:10)
  5 yaks
  Eustachio (D:4)
  A steam dragon (D:9)
  Menkaure (D:7)
  4 water moccasins
  3 orc warriors
  An ogre (D:6)
  5 ice beasts
  2 black bears
  2 centaurs
  8 wolves
  A phantom (D:4)
  4 kobold brigands
  4 bullfrogs
  A water moccasin skeleton (D:5)
  4 killer bees (D:9)
  A howler monkey (D:8)
  5 wights (D:8)
  5 electric eels
  2 bullfrog zombies
  A centaur zombie (D:7)
  A wyvern simulacrum (D:9)
  3 orc priests
  6 hounds
  2 centaur skeletons
  2 gnoll shamans (D:7)
  4 iguanas
  7 orc wizards
  Robin (D:2)
  3 howler monkey zombies
  12 gnolls
  4 adders
  A shadow imp (D:5)
  7 white imps
  A howler monkey simulacrum (D:9)
  2 ufetubi
  2 worms
  2 dart slugs
  17 orcs
  9 ball pythons
  5 endoplasms
  4 giant cockroaches
  12 goblins
  7 hobgoblins
  2 jackals (D:1)
  28 kobolds
  4 quokkas (D:1)
  6 bats
  6 frilled lizards
  7 rats
242 creatures vanquished.

Vanquished Creatures (collateral kills)
  A cane toad (Lair:1)
  A komodo dragon (Lair:2)
  2 polar bears
  A blink frog (Lair:2)
  A wyvern (D:8)
  3 yaks
  A water moccasin (D:9)
  2 wolves (D:9)
  2 bullfrogs
  2 wights (D:8)
  2 killer bees (D:9)
  A hound (D:6)
  A gnoll (D:7)
  A kobold (D:6)
21 creatures vanquished.

Vanquished Creatures (others)
  5 hexers
  A kobold (D:9)
  8 fungi
  19 plants
33 creatures vanquished.

Grand Total: 296 creatures vanquished

Notes
Turn   | Place    | Note
-------+----------+-------------------------------------------
     0 | D:1      | magipi the Minotaur Brigand began the quest for the Orb.
     0 | D:1      | Reached XP level 1. HP: 18/18 MP: 0/0
   123 | D:1      | Reached XP level 2. HP: 15/25 MP: 1/1
   377 | D:1      | Reached skill level 3 in Throwing
   462 | D:1      | Reached XP level 3. HP: 30/31 MP: 2/2
   772 | D:2      | Noticed Robin
   796 | D:2      | Killed Robin
   853 | D:2      | Identified the +0 mace "Newtslayer" {speed, rN+ Str+5}
   857 | D:2      | Found a runed translucent door.
   858 | D:2      | Noticed Crazy Yiuf
  1035 | D:2      | Reached XP level 4. HP: 24/38 MP: 3/3
  1187 | D:3      | Reached skill level 4 in Throwing
  1239 | D:3      | Reached XP level 5. HP: 39/46 MP: 4/4
  1305 | D:3      | Identified the +7 hand axe of Wu Jian's Esteem {vorpal,
                  | +Blink Int+5 SInv Stlth+}
  1587 | D:3      | Noticed Grinder
  1844 | D:4      | Reached skill level 5 in Throwing
  1950 | D:4      | Reached skill level 1 in Axes
  1950 | D:4      | Noticed a black bear
  1962 | D:4      | Killed a black bear
  1963 | D:4      | Reached XP level 6. HP: 50/55 MP: 5/5
  2043 | D:4      | Found a staircase to the Ecumenical Temple.
  2065 | Temple   | Entered the Ecumenical Temple
  2094 | Temple   | Became a worshipper of Hepliaklqana the Forgotten
  2124 | D:4      | Reached skill level 5 in Fighting
  2220 | D:4      | Noticed Eustachio
  2250 | D:4      | Killed Eustachio
  2251 | D:4      | Reached XP level 7. HP: 55/61 MP: 6/6
  2276 | D:4      | Noticed Pikel
  2310 | D:4      | Killed Pikel
  2311 | D:4      | Reached skill level 5 in Axes
  2311 | D:4      | Reached skill level 6 in Throwing
  2481 | D:5      | Entered Level 5 of the Dungeon
  2497 | D:5      | Reached XP level 8. HP: 34/70 MP: 7/7
  2570 | D:5      | Found a glowing drain.
  2579 | Sewer    | Entered a sewer
  3116 | D:5      | Reached * piety under Hepliaklqana
  3318 | D:6      | Found a sacrificial altar of Ru.
  3471 | D:4      | Reached skill level 1 in Invocations
  3620 | D:6      | Reached ** piety under Hepliaklqana
  3622 | D:6      | Remembered your ancestor Bohike as a hexer
  3636 | D:6      | Reached skill level 7 in Throwing
  3739 | D:6      | Found a stormy altar of Qazlal.
  3846 | D:7      | Found Kudd's Specific Store.
  3852 | D:7      | Found Wodeq's General Store.
  3860 | D:7      | Bought a scroll of magic mapping for 49 gold pieces
  3860 | D:7      | Bought a potion of curing for 42 gold pieces
  3883 | D:7      | Reached XP level 9. HP: 71/71 MP: 9/9
  4080 | D:7      | Noticed Menkaure
  4470 | D:7      | Killed Menkaure
  4660 | D:8      | Reached skill level 10 in Axes
  4696 | D:8      | Reached skill level 8 in Throwing
  4710 | D:8      | Noticed a two-headed ogre
  4729 | D:8      | Killed a two-headed ogre
  4730 | D:8      | Reached skill level 5 in Invocations
  4804 | D:8      | Reached XP level 10. HP: 40/77 MP: 13/13
  4991 | D:8      | Reached *** piety under Hepliaklqana
  5084 | D:8      | Reached skill level 9 in Throwing
  5176 | D:8      | Noticed a two-headed ogre
  5186 | D:8      | Killed a two-headed ogre
  5187 | D:8      | Reached skill level 1 in Evocations
  5258 | D:7      | Bought a wand of flame (22) for 180 gold pieces
  5316 | D:8      | Found a staircase to the Lair.
  5908 | D:9      | Reached skill level 10 in Throwing
  7210 | D:9      | Reached XP level 11. HP: 74/82 MP: 15/15
  7255 | D:10     | Entered Level 10 of the Dungeon
  7273 | D:10     | Noticed a skeletal warrior
  7278 | D:10     | Noticed a skeletal warrior
  7582 | D:10     | Noticed a skeletal warrior
  7582 | D:10     | Noticed a skeletal warrior
  7662 | Lair:1   | Entered Level 1 of the Lair of Beasts
  7751 | Lair:1   | Reached skill level 5 in Evocations
  7761 | Lair:1   | Reached **** piety under Hepliaklqana
  8332 | Lair:2   | Noticed a boulder beetle
  8357 | Lair:2   | Killed a boulder beetle
  8358 | Lair:2   | Reached skill level 11 in Throwing
  8378 | Lair:2   | Noticed a six-headed hydra
  8404 | Lair:2   | Found a staircase to the Snake Pit.
  8844 | Lair:2   | HP: 3/82 [polar bear (19)]
  8844 | Lair:2   | Mangled by a blink frog

Illustrated notes

Levels and vault maps discovered:
D:1:      minmay_arrival_three_doors, layout_loops_cross, grunt_decor_cap
D:2:      layout_rooms, kennysheep_decorative_pillar, uniq_crazy_yiuf_cottage,
          uniq_robin
D:3:      layout_rooms, uniq_grinder
D:4:      layout_loops_ring, minmay_temple_entry_tees, uniq_eustachio,
          uniq_pikel
D:5:      layout_rooms, portal_sewer_entry_d
D:6:      hellmonk_warped_wall, layout_cave_pods,
          mainiacjoe_overflow_large_starburst
D:7:      nicolae_cairo_tiling_large_dashed, layout_basic,
          kennysheep_pointless_box, nicolae_specific_store, kennysheep_path_1,
          hangedman_decor_push, minmay_starry_boxes, uniq_menkaure
D:8:      layout_loops_ring, erik_lair_island
D:9:      layout_long_grid, serial_ice, serial_ice_n, serial_ice_h,
          serial_ice_j, serial_ice_o, kennysheep_generic_room_8
D:10:     layout_long_grid, serial_ice, serial_ice_m, serial_ice_e,
          serial_ice_g, serial_ice_k, serial_shops, shop_fountains
Temple:   mainiacjoe_temple_big_plus
Lair:1:   layout_hall_layers, grunt_megastairs_5
Lair:2:   layout_layer_cave, dummy_snake_entry, special_room [special_room_bee],
          serial_bayou_shore_a, infiniplex_staircase_pool

Skill      XL: |  1  2  3  4  5  6  7  8  9 10 11 |
---------------+----------------------------------+-----
Fighting       | 3 4 5 6 7 |  7.5
Throwing       | 3 4 5 6 7 8 10 11 | 11.0
Axes           | 2 3 6 8 10 | 10.3
Invocations    | 2 5 7 9 |  9.0
Evocations     | 4 6 |  6.2
Short Blades   | |  2.1
Dodging        | |  1.1
Stealth        | |  3.2

Action                   |  1- 3 |  4- 6 |  7- 9 | 10-12 || total
-------------------------+-------+-------+-------+-------++-------
Melee: Dagger            |   112 |   112 |    20 |       ||   244
       Headbutt          |    15 |    29 |    39 |    54 ||   137
       Punch             |       |     2 |     1 |     1 ||     4
       Hand axe          |       |       |   186 |   233 ||   419
Throw: Dart              |     4 |     3 |    28 |    12 ||    47
       Boomerang         |       |       |     2 |    27 ||    29
Invok: Ancestor Life: He |       |       |     1 |       ||     1
       Ancestor Identity |       |       |     1 |       ||     1
Evoke: Wand              |       |       |       |     8 ||     8
       Lightning rod     |       |       |       |     4 ||     4
  Use: Scroll            |       |       |     8 |     9 ||    17
       Potion            |       |       |     5 |     2 ||     7
 Stab: Sleeping          |     2 |       |       |     3 ||     5
       Distracted        |       |       |     2 |     1 ||     3
       Confused          |       |       |       |     6 ||     6
Armor: Robe              |    10 |       |       |       ||    10
       Chain mail        |    30 |    60 |   125 |    90 ||   305
       Skin              |       |       |       |     6 ||     6
       Leather armour    |       |       |       |    29 ||    29
Dodge: Dodged            |    35 |    42 |    73 |    86 ||   236
